 Dungeon Crawl Stone Soup version 0.30-a0-371-gad7725a93e (webtiles) character file.

Game seed: 10733544132349837609

35 AigisTheKnight the Firebug (level 3, -2/19 HPs)
             Began as a Tengu Fire Elementalist on Nov 22, 2022.
             Slain by a gnoll
             ... wielding a +0 flail
              (12 damage)
             ... on level 1 of the Dungeon.
             The game lasted 00:05:28 (1290 turns).

AigisTheKnight the Firebug (TeFE)                   Turns: 1290, Time: 00:05:28

Health: -2/19      AC:  3    Str:  8    XL:     3   Next: 33%
Magic:  4/7        EV: 16    Int: 17    God:
Gold:   121        SH:  0    Dex: 14    Spells: 5/6 levels left

rFire   . . .      SeeInvis .    d - +0 short sword
rCold   . . .      Faith    .    (no shield)
rNeg    . . .      Spirit   .    q - +0 leather armour
rPois   .          Reflect  .    (helmet restricted)
rElec   .          Harm     .    (no cloak)
rCorr   .          Rampage  .    (no gloves)
Will    .....                    (boots unavailable)
Stlth   ++........               k - amulet of regeneration
HPRegen 1.03/turn                h - +4 ring of evasion
MPRegen 0.10/turn                (no ring)

@: no status effects
A: beak, talons 3
a: no special abilities


You were on level 1 of the Dungeon.
You visited 1 branch of the dungeon, and saw 3 of its levels.

You collected 147 gold pieces.
You spent 26 gold pieces at shops.

Inventory:

Hand Weapons
 d - a +0 short sword (weapon)
 e - a +0 falchion
Missiles
 m - 2 poisoned darts
Armour
 a - a +0 robe
 j - a +0 chain mail
 q - a +0 leather armour (worn)
Jewellery
 h - a +4 ring of evasion (left hand)
 k - an amulet of regeneration (around neck)
Scrolls
 f - a scroll of teleportation {unknown}
 n - a scroll of magic mapping {unknown}
 o - a scroll of noise {unknown}
 p - 3 scrolls of identify
 r - a scroll of poison {unknown}
Potions
 b - 2 potions of magic
 c - a potion of flight {unknown}
 g - a potion of degeneration {unknown}
 i - a potion of brilliance {unknown}
 l - a potion of curing {unknown}


   Skills:
 + Level 0.2 Fighting
 + Level 0.3 Long Blades
 + Level 0.0 Armour
 + Level 2.5 Dodging
 + Level 2.4 Stealth
 + Level 2.3 Spellcasting
 + Level 2.1 Conjurations
 + Level 3.5 Fire Magic


You had 5 spell levels left.
You knew the following spells:

 Your Spells              Type           Power      Damage    Failure   Level
a - Foxfire               Conj/Fire      44%        2x1d6     9%          1

Your spell library contained the following spells:

 Spells                   Type           Power      Damage    Failure   Level
 Scorch                   Fire           28%        2d6       10%         2
 Apportation              Tloc           2%         N/A       28%         1
 Necrotise                Necr           4%         1d4       28%         1
 Summon Small Mammal      Summ           4%         N/A       28%         1
 Inner Flame              Hex/Fire       8%         N/A       36%         3
 Kindle Blastsparks       Fire/Tloc/Air  12%        2d11      45%         3
 Flame Wave               Conj/Fire      11%        2d6       63%         4


Dungeon Overview and Level Annotations

Branches:
Dungeon (3/15)

Altars:

Shops:
D:1 ?   D:2 [


Innate Abilities, Weirdness & Mutations

You have a beak for a mouth.
You have claws for feet.


Message History

Your foxfire dissipates!
Your foxfire dissipates!
p - 2 scrolls labelled NIOJAWIURO (gained 1)
You now have 147 gold pieces (gained 15).
Done exploring.
Done exploring.
Done exploring.
Done exploring.
There is an entrance to Emelep's Magic Scroll Shop here.
p - 3 scrolls of identify (gained 1) Thank you for shopping at Emelep's Magic Scroll Shop!
There is a stone staircase leading down here.
You climb downwards.
The gnoll shouts!
You hear a shout! x2
A gnoll comes into view. It is wielding a +0 whip.
There is a stone staircase leading up here.
Okay, then.
The gnoll hits you with a +0 flail. The bat hits you.
You climb upwards.
There is a stone staircase leading down here.
Casting: Foxfire (safe; 9% risk of failure)
Confirm with . or Enter, or press ? or * to list all spells.
You conjure some foxfire!
The gnoll hits you but does no damage.
Unknown command.
Casting: Foxfire (safe; 9% risk of failure)
Confirm with . or Enter, or press ? or * to list all spells.
You conjure some foxfire!
The foxfire hits the gnoll.
The gnoll is lightly wounded.
The foxfire hits the gnoll but does no damage.
The gnoll is lightly wounded.
The gnoll hits you with a +0 flail.
Casting: Foxfire (safe; 9% risk of failure)
Confirm with . or Enter, or press ? or * to list all spells.
You conjure some foxfire!
The foxfire hits the gnoll.
The gnoll is heavily wounded.
The foxfire hits the gnoll.
The gnoll is heavily wounded.
The gnoll hits you with a +0 flail!
Ouch! That really hurt!
You die...

........### #.####...........
....##....## ###.##.............
....###....# #...........#.....#
....# ###..####.##.........####.#
....# #....##.##.......∩.# ##.#
....# ##.................###..#
....# ##...###..............##
....# #...##v............>.#
....# #.#..g@#....)###.....#
#.### #.###v.§...#.# #.....##
#...#######.#...§....#.# #.....##
#.....#.......##.......###..).###
...............................).
.........................####.###
..........................# #.# #
...............#..........# #.###
..........................###....


You could see a gnoll (ally target).

Vanquished Creatures
  3 ball pythons (D:1)
  4 bats (D:1)
  2 endoplasms
  2 giant cockroaches
  4 goblins (D:1)
  6 hobgoblins
  2 kobolds (D:1)
  2 quokkas
  5 rats
30 creatures vanquished.

Vanquished Creatures (others)
  105 foxfires
105 creatures vanquished.

Grand Total: 135 creatures vanquished

Notes
Turn   | Place    | Note
-------+----------+-------------------------------------------
     0 | D:1      | AigisTheKnight the Tengu Fire Elementalist began the quest
                  | for the Orb.
     0 | D:1      | Reached XP level 1. HP: 10/10 MP: 4/4
   103 | D:1      | Reached XP level 2. HP: 15/15 MP: 1/6
   205 | D:1      | Found Emelep's Magic Scroll Shop.
   509 | D:1      | You fall into a shaft and drop 1 floor!
   541 | D:2      | Found Qeahife's Antique Armour Boutique.
   765 | D:2      | Reached XP level 3. HP: 19/19 MP: 3/7
  1270 | D:1      | Bought a scroll of identify for 26 gold pieces
  1290 | D:1      | Slain by a gnoll

Illustrated notes

Levels and vault maps discovered:
D:1:      mainiacjoe_arrival_reflecting_pool, layout_rooms, serial_shops,
          shop_coins
D:2:      cheibrodos_helix_gallery, layout_loops_ring, serial_shops,
          nicolae_diamond_shop, shop, shop, shop, minmay_cupped
D:3:      layout_basic, lemuel_tele_altar, st_stairs_13

Skill      XL: |  1  2 |
---------------+-------+-----
Conjurations   | 2 |  2.1
Fighting       | |  0.2
Long Blades    | |  0.3
Dodging        | |  2.5
Stealth        | |  2.4
Spellcasting   | |  2.3
Fire Magic     | |  3.5

Action                   || total
-------------------------++-------
Melee: Unarmed           ||     2
       Short sword       ||     8
       Peck              ||     2
 Cast: Foxfire           ||    65
 Stab: Sleeping          ||     1
Armor: Robe              ||     2
       Leather armour    ||     2
Dodge: Dodged            ||     9

Table legend: (Time is in decaauts)
 A = Elapsed time spent in this place.
 B = Non-inter-level travel time spent in this place.
 C = Inter-level travel time spent in this place.
 D = Time resting spent in this place.
 E = Time spent auto-exploring this place.
 F = Levels seen in this place.
 G = Mean time per level.
                   A        B        C        D        E       F      G
               +--------+--------+--------+--------+--------+-----+--------+
         Total |   1288 |   1268 |     20 |    122 |    687 |   3 |  429.3 |
       Dungeon |   1288 |   1268 |     20 |    122 |    687 |   3 |  429.3 |
               +--------+--------+--------+--------+--------+-----+--------+

Top non-repeatable levels by time:
     D:1: 1020 daAuts
     D:3: 136 daAuts
     D:2: 132 daAuts
